 Dungeon Crawl Stone Soup version 0.24.0-13-gcf9b319 (webtiles) character file.

Game seed: 8491807677072690618, levelgen mode: deterministic

40 Bronimir the Stinger (level 3, -4/26 HPs)
             Began as a Formicid Venom Mage on Apr 4, 2020.
             Slain by a worm (11 damage)
             ... on level 2 of the Dungeon.
             The game lasted 00:05:16 (2966 turns).

Bronimir the Stinger (Formicid Venom Mage)          Turns: 2966, Time: 00:05:16

Health: -4/26      AC:  2    Str: 12    XL:     3   Next: 72%
Magic:  0/6        EV: 12    Int: 15    God:
Gold:   64         SH:  0    Dex: 11    Spells: 1/7 levels left

rFire    . . .     SeeInvis +   a - +0 spear
rCold    . . .     Gourm    .   (no shield)
rNeg     . . .     Faith    .   q - +0 robe
rPois    .         Spirit   .   (helmet unavailable)
rElec    .         Reflect  .   (no cloak)
rCorr    .         Harm     .   (no gloves)
MR       .....                  (no boots)
Stlth    ++........             (no amulet)
HPRegen  0.08/turn              (no ring)
MPRegen  0.10/turn              (no ring)

@: very slightly contaminated
A: permanent stasis, dig shafts and tunnels, four strong arms, antennae 3
a: Dig, Shaft Self


You were on level 2 of the Dungeon.
You were not hungry.

You visited 1 branch of the dungeon, and saw 2 of its levels.

You collected 64 gold pieces.

Inventory:

Hand Weapons
 a - a +0 spear (weapon)
 b - a +0 hunting sling
 h - a +0 mace
 p - a +0 club
Missiles
 d - 18 stones (quivered)
 m - 9 bolts
 n - 6 sling bullets
Armour
 g - a +0 ring mail
 q - a +0 robe (worn)
Scrolls
 e - 2 scrolls of blinking {unknown}
 f - a scroll of noise {unknown}
 i - a scroll of enchant weapon {unknown}
 j - a scroll of identify {unknown}
 l - 3 scrolls of remove curse {unknown}
Potions
 k - 2 potions of curing {unknown}
 o - a potion of ambrosia {unknown}
Comestibles
 c - a ration


   Skills:
 + Level 1.0 Fighting
 * Level 0.5 Armour
 + Level 1.9 Dodging
 - Level 2.4 Stealth
 + Level 0.4 Unarmed Combat
 * Level 2.5 Spellcasting
 * Level 1.2 Conjurations
 + Level 0.4 Air Magic
 * Level 4.4 Poison Magic


You had one spell level left.
You knew the following spells:

 Your Spells              Type           Power        Failure   Level  Hunger
a - Sting                 Conj/Pois      ##..         6%          1    #......
b - Poisonous Vapours     Pois/Air       #.....       12%         2    ###....
c - Mephitic Cloud        Conj/Pois/Air  #.......     26%         3    ###....

Your spell library contained the following spells:

 Spells                   Type           Power        Failure   Level  Hunger
 Olgreb's Toxic Radiance  Pois           ###.....     32%         4    #####..
 Venom Bolt               Conj/Pois      ##........   87%         5    ######.


Dungeon Overview and Level Annotations

Branches:
Dungeon (2/15)

Altars:

Annotations:
D:2 Robin


Innate Abilities, Weirdness & Mutations

You cannot be hasted, slowed, berserked, paralysed or teleported.
You can dig through walls and to a lower floor.
Your four strong arms can wield two-handed weapons with a shield.
You have a pair of large antennae on your head. (SInv)


Message History

Confirm with . or Enter, or press ? or * to list all spells.
Aiming: Poisonous Vapours (safe; 12% risk of failure)
Press: ? - help, Dir - move target cursor, f/p - worm
Aim: a worm (heavily wounded) Poisonous vapours surround the worm!
The worm is engulfed in poison gas.
The worm is poisoned.
The worm looks more healthy.
Casting: Poisonous Vapours (safe; 12% risk of failure)
Confirm with . or Enter, or press ? or * to list all spells.
Aiming: Sting (safe; 6% risk of failure)
Press: ? - help, Shift-Dir - straight line, f/p - worm
Aim: a worm (almost dead)
The sting hits the worm.
The worm is almost dead.
Casting: Sting (safe; 6% risk of failure)
Confirm with . or Enter, or press ? or * to list all spells.
You don't have enough magic to cast that spell.
Unknown command.
The worm bites you!
You die...

#.# #.# #.# #.# #.#
#.## ...############
#.<...........######
#.###########..w@..#
#.# ###......# #.#
#........# ..#
#..######## ### #.#
K.. ### {


You could see a worm.

Vanquished Creatures
  2 gnolls
  A leopard gecko (D:2)
  2 bats (D:1)
  A giant cockroach (D:1)
  5 goblins (D:2)
  3 hobgoblins
  4 frilled lizards
  2 rats (D:1)
20 creatures vanquished.

Notes
Turn   | Place    | Note
-------+----------+-------------------------------------------
     0 | D:1      | Bronimir the Formicid Venom Mage began the quest for the
                  | Orb.
     0 | D:1      | Reached XP level 1. HP: 13/13 MP: 3/3
   590 | D:1      | Reached XP level 2. HP: 14/19 MP: 5/5
   733 | D:1      | Learned a level 2 spell: Poisonous Vapours
   758 | D:1      | Reached skill level 1 in Conjurations
  2092 | D:2      | Reached XP level 3. HP: 14/24 MP: 0/6
  2097 | D:2      | Learned a level 3 spell: Mephitic Cloud
  2527 | D:2      | Noticed Robin
  2684 | D:2      | Reached skill level 1 in Fighting
  2966 | D:2      | Slain by a worm

Levels and vault maps discovered:
D:1:      ebering_hopf_link, layout_basic
D:2:      layout_rooms, uniq_jessica, uniq_natasha, uniq_robin

Skill      XL: |  1  2  3 |
---------------+----------+-----
Conjurations   | 1 |  1.2
Fighting       | 1 |  1.0
Armour         | |  0.5
Dodging        | |  1.9
Stealth        | |  2.4
Unarmed Combat | |  0.4
Spellcasting   | |  2.5
Air Magic      | |  0.4
Poison Magic   | |  4.4

Action                   || total
-------------------------++-------
Melee: Unarmed           ||    38
       Mace              ||    21
       Spear             ||    25
Throw: Stone             ||     3
 Cast: Sting             ||    26
       Poisonous Vapours ||    13
 Stab: Sleeping          ||     1
  Eat: Ration            ||     2
       Chunk             ||     1
Armor: Robe              ||    29
Dodge: Dodged            ||    92
